SKY
PHILADELPHIA PHILLIES @ OAKLAND ATHLETICS
07/12/2052
 
TOP OF THE 1ST
Philadelphia Phillies batting - Pitching for Oakland Athletics : RHP Mickey Whitcomb
Pitching: RHP Mickey Whitcomb
Batting: LHB Noah Powell 0-0: Called Strike
0-1: Foul Ball, location: 7LMF
0-2: Strikes out swinging
Batting: RHB Kyle Negulescu 0-0: Called Strike
0-1: Swinging Strike
0-2: Strikes out looking
Batting: RHB Josiah Mandel 0-0: Ball
1-0: Foul Ball, location: 5FF
1-1: Ball
2-1: Swinging Strike
2-2: Strikes out swinging
Top of the 1st over - 0 runs, 0 hits, 0 errors, 0 left on base; Philadelphia 0 - Oakland 0
BOTTOM OF THE 1ST
Oakland Athletics batting - Pitching for Philadelphia Phillies : LHP Raymundo Capellan
Pitching: LHP Raymundo Capellan
Batting: RHB Isaiah Green 0-0: Ball
1-0: Bunted foul
1-1: Ball
2-1: Foul Ball, location: 2F
2-2: Fly out, F8 (Flyball, 8LD, EV 105.6 MPH)
Batting: RHB Todd Stasiak 0-0: Foul Ball, location: 9LDF
0-1: Ball
1-1: Swinging Strike
1-2: Ball
2-2: Ground out U3 (Groundball, 34S, EV 86.3 MPH)
Batting: LHB Walker Hogue 0-0: Called Strike
0-1: Foul Ball, location: 5F
0-2: Ball
1-2: Ball
2-2: Ball
3-2: Ground out 4-3 (Groundball, 4MD, EV 95.6 MPH)
Bottom of the 1st over - 0 runs, 0 hits, 0 errors, 0 left on base; Philadelphia 0 - Oakland 0
TOP OF THE 2ND
Philadelphia Phillies batting - Pitching for Oakland Athletics : RHP Mickey Whitcomb
Batting: RHB Marc Simms 0-0: Ball
1-0: Ball
2-0: Ball
3-0: Called Strike
3-1: Fly out, F8 (Flyball, 8RM, EV 91.9 MPH)
Batting: RHB Marty Booz 0-0: Ball
1-0: Ground out 4-3 (Groundball, 4MD, EV 95.6 MPH)
Batting: RHB Liam Lyons 0-0: Ball
1-0: Called Strike
1-1: Foul Ball, location: 9LMF
1-2: Ball
2-2: Ball
3-2: Foul Ball, location: 9LDF
3-2: Fly out, F7 (Line Drive, 78S, EV 98.1 MPH)
Top of the 2nd over - 0 runs, 0 hits, 0 errors, 0 left on base; Philadelphia 0 - Oakland 0
BOTTOM OF THE 2ND
Oakland Athletics batting - Pitching for Philadelphia Phillies : LHP Raymundo Capellan
Batting: RHB Oliver Combs 0-0: Ball
1-0: Ball
2-0: Ball
3-0: Called Strike
3-1: Swinging Strike
3-2: Base on Balls
Batting: RHB George Siebert 0-0: Ball
1-0: Ball
2-0: Ball
3-0: Base on Balls
Oliver Combs to second
Batting: RHB Jacob Hitchens 0-0: Called Strike
0-1: Foul Ball, location: 3DF
0-2: Foul Ball, location: 2F
0-2: Ball
1-2: Ball
2-2: Fly out, F7 (Flyball, 7, EV 89.4 MPH)
Batting: RHB K.J. Northcraft 0-0: Ball
1-0: Fly out, F9 (Flyball, 9LM, EV 96.9 MPH)
Batting: LHB Harley Valles 0-0: Foul Ball, location: 2F
0-1: Ground out 1-3 (Groundball, 15S, EV 67.5 MPH)
Bottom of the 2nd over - 0 runs, 0 hits, 0 errors, 2 left on base; Philadelphia 0 - Oakland 0
TOP OF THE 3RD
Philadelphia Phillies batting - Pitching for Oakland Athletics : RHP Mickey Whitcomb
Batting: LHB Monte Baker 0-0: Ball
1-0: Foul Ball, location: 2F
1-1: Foul Ball, location: 7LMF
1-2: Fly out, F8 (Flyball, 8RD, EV 110.0 MPH)
Batting: RHB Ariel Fernández 0-0: Ball
1-0: Called Strike
1-1: Fly out, F7 (Flyball, 7S, EV 91.3 MPH)
Batting: SHB Elías Saucedo 0-0: Called Strike
0-1: Ball
1-1: Swinging Strike
1-2: Ball
2-2: Fly out, F8 (Line Drive, 8RD, EV 110.0 MPH)
Top of the 3rd over - 0 runs, 0 hits, 0 errors, 0 left on base; Philadelphia 0 - Oakland 0
BOTTOM OF THE 3RD
Oakland Athletics batting - Pitching for Philadelphia Phillies : LHP Raymundo Capellan
Batting: RHB Andrew Stewart 0-0: Called Strike
0-1: Ball
1-1: Swinging Strike
1-2: Strikes out swinging
Batting: RHB Isaiah Green 0-0: Called Strike
0-1: Called Strike
0-2: Ball
1-2: Ball
2-2: Ground out 5-3 (Groundball, 5, EV 88.8 MPH)
Batting: RHB Todd Stasiak 0-0: Ball
1-0: Ball
2-0: Swinging Strike
2-1: Fly out, F9 (Line Drive, 89M, EV 103.8 MPH)
Bottom of the 3rd over - 0 runs, 0 hits, 0 errors, 0 left on base; Philadelphia 0 - Oakland 0
TOP OF THE 4TH
Philadelphia Phillies batting - Pitching for Oakland Athletics : RHP Mickey Whitcomb
Batting: LHB Noah Powell 0-0: Ball
1-0: Called Strike
1-1: SINGLE (Groundball, 34D, EV 96.3 MPH)
Batting: RHB Kyle Negulescu 0-0: Called Strike
Noah Powell steals 2nd base
0-1: Swinging Strike
0-2: Ball
1-2: Strikes out swinging
Batting: RHB Josiah Mandel 0-0: Foul Ball, location: 3F
0-1: Foul Ball, location: 25FF
0-2: Ball
1-2: SINGLE (Line Drive, 4MD, EV 93.8 MPH)
Noah Powell to third
Runner from 3rd tries for Home, SAFE, throw by CF to home
Batting: RHB Marc Simms 0-0: Ball
1-0: Ball
2-0: Ball
3-0: Called Strike
3-1: SINGLE (Groundball, 34D, EV 104.4 MPH)
Josiah Mandel to second
Runner from 2nd tries for 3rd, SAFE, throw by RF made to third
Batting: RHB Marty Booz 0-0: Ball
1-0: Ball
2-0: Called Strike
2-1: Fly out, F8 (Flyball, 8RD, EV 96.9 MPH)
Runner from 3rd tags up, SCORES, throw by CF
Batting: RHB Liam Lyons 0-0: Ball
1-0: Swinging Strike
1-1: Ball
2-1: Fly out, F9 (Flyball, 9S, EV 86.9 MPH)
Top of the 4th over - 2 runs, 3 hits, 0 errors, 1 left on base; Philadelphia 2 - Oakland 0
BOTTOM OF THE 4TH
Oakland Athletics batting - Pitching for Philadelphia Phillies : LHP Raymundo Capellan
Batting: LHB Walker Hogue 0-0: Ground out 5-3 (Groundball, 56S, EV 90.0 MPH)
Batting: RHB Oliver Combs 0-0: Ball
1-0: Foul Ball, location: 23F
1-1: Called Strike
1-2: Ball
2-2: Ball
3-2: Base on Balls
Batting: RHB George Siebert 0-0: Called Strike
0-1: Swinging Strike
0-2: Ball
1-2: Foul Ball, location: 25FF
1-2: Fly out, F8 (Flyball, 8LD, EV 93.8 MPH)
Batting: RHB Jacob Hitchens 0-0: SINGLE (Line Drive, 78S, EV 111.3 MPH)
Oliver Combs to second
Batting: RHB K.J. Northcraft 0-0: Ball
1-0: Ball
2-0: SINGLE (Groundball, 4MD, EV 106.3 MPH)
Oliver Combs to third
Jacob Hitchens to second
Runner from 3rd tries for Home, SAFE, throw by CF to home
Batting: LHB Harley Valles 0-0: Called Strike
0-1: Ball
1-1: Ball
2-1: Fly out, F8 (Flyball, 8RD, EV 95.0 MPH)
Bottom of the 4th over - 1 run, 2 hits, 0 errors, 2 left on base; Philadelphia 2 - Oakland 1
TOP OF THE 5TH
Philadelphia Phillies batting - Pitching for Oakland Athletics : RHP Mickey Whitcomb
Batting: LHB Monte Baker 0-0: Ball
1-0: Ball
2-0: Foul Ball, location: 2F
2-1: Ball
3-1: Fly out, F7 (Flyball, 7, EV 92.5 MPH)
Batting: RHB Ariel Fernández 0-0: Ball
1-0: Foul Ball, location: 9LSF
1-1: SINGLE (Groundball, 4MD, EV 101.3 MPH)
Batting: SHB Elías Saucedo 0-0: Called Strike
0-1: Fly out, F9 (Flyball, 9D, EV 105.6 MPH)
Batting: LHB Noah Powell 0-0: Foul Ball, location: 3FF
0-1: Ball
1-1: Ball
2-1: Ground out 4-3 (Groundball, 4, EV 100.6 MPH)
Top of the 5th over - 0 runs, 1 hit, 0 errors, 1 left on base; Philadelphia 2 - Oakland 1
BOTTOM OF THE 5TH
Oakland Athletics batting - Pitching for Philadelphia Phillies : LHP Raymundo Capellan
Batting: RHB Andrew Stewart 0-0: Ball
1-0: Called Strike
1-1: Foul Ball, location: 2F
1-2: Fly out, F5 (Popup, 5SF, EV 80.0 MPH)
Batting: RHB Isaiah Green 0-0: Ball
1-0: Foul Ball, location: 9LSF
1-1: Called Strike
1-2: Ball
2-2: Ground out U3 (Groundball, 34, EV 92.5 MPH)
Batting: RHB Todd Stasiak 0-0: Ball
1-0: SINGLE (Line Drive, 89S, EV 83.8 MPH)
Batting: LHB Walker Hogue 0-0: Swinging Strike
0-1: Ball
1-1: Fly out, F8 (Flyball, 8LXD, EV 110.6 MPH)
Bottom of the 5th over - 0 runs, 1 hit, 0 errors, 1 left on base; Philadelphia 2 - Oakland 1
TOP OF THE 6TH
Philadelphia Phillies batting - Pitching for Oakland Athletics : RHP Mickey Whitcomb
Batting: RHB Kyle Negulescu 0-0: Called Strike
0-1: Foul Ball, location: 25F
0-2: Foul Ball, location: 2F
0-2: Foul Ball, location: 9LSF
0-2: Ball
1-2: Foul Ball, location: 3FF
1-2: Foul Ball, location: 9LDF
1-2: Ball
2-2: Ball
3-2: SINGLE (Line Drive, 89S, EV 99.4 MPH)
Batting: RHB Josiah Mandel 0-0: Called Strike
Kyle Negulescu steals 2nd base
0-1: Ball
1-1: Foul Ball, location: 5SF
1-2: Fly out, F2 (Popup, 3SF, EV 75.6 MPH)
Batting: RHB Marc Simms 0-0: Called Strike
0-1: Ball
1-1: Called Strike
1-2: Ball
2-2: SINGLE (Line Drive, 78S, EV 92.5 MPH)
Kyle Negulescu to third
Runner from 3rd tries for Home, throw by LF and OUT! 7-2
Marc Simms to second
Pitching: RHP B.J. Vila
Batting: RHB Marty Booz 0-0: Called Strike
0-1: Ball
1-1: Ball
2-1: Swinging Strike
2-2: Ball
3-2: Strikes out swinging
Top of the 6th over - 0 runs, 2 hits, 0 errors, 1 left on base; Philadelphia 2 - Oakland 1
BOTTOM OF THE 6TH
Oakland Athletics batting - Pitching for Philadelphia Phillies : LHP Raymundo Capellan
Batting: RHB Oliver Combs 0-0: Ball
1-0: Ball
2-0: Called Strike
2-1: Ball
3-1: Foul Ball, location: 2F
3-2: Ground out 5-3 (Groundball, 15, EV 90.6 MPH)
Batting: RHB George Siebert 0-0: Ball
1-0: Foul Ball, location: 9LDF
1-1: Ball
2-1: SINGLE (Line Drive, 9S, EV 101.3 MPH)
Batting: RHB Jacob Hitchens 0-0: Ball
1-0: Fly out, F8 (Flyball, 78S, EV 83.8 MPH)
Batting: RHB K.J. Northcraft 0-0: Foul Ball, location: 9LDF
0-1: Called Strike
0-2: Foul Ball, location: 7LSFF
0-2: Fly out, F7 (Flyball, 78M, EV 86.9 MPH)
Bottom of the 6th over - 0 runs, 1 hit, 0 errors, 1 left on base; Philadelphia 2 - Oakland 1
TOP OF THE 7TH
Philadelphia Phillies batting - Pitching for Oakland Athletics : RHP B.J. Vila
Batting: RHB Liam Lyons 0-0: Called Strike
0-1: Called Strike
0-2: Foul Ball, location: 2F
0-2: Foul Ball, location: 7LDF
0-2: Ball
1-2: Foul Ball, location: 23FF
1-2: Ball
2-2: Foul Ball, location: 2F
2-2: Fly out, F6 (Line Drive, 6, EV 66.3 MPH)
Batting: LHB Monte Baker 0-0: Called Strike
0-1: Ground out 3-1 (Groundball, 34, EV 91.9 MPH)
Batting: RHB Ariel Fernández 0-0: Ball
1-0: Foul Ball, location: 9LSF
1-1: DOUBLE (Line Drive, 89M, EV 111.3 MPH)
Batting: SHB Elías Saucedo 0-0: Ball
1-0: Fly out, F8 (Flyball, 8RM, EV 95.6 MPH)
Top of the 7th over - 0 runs, 1 hit, 0 errors, 1 left on base; Philadelphia 2 - Oakland 1
BOTTOM OF THE 7TH
Oakland Athletics batting - Pitching for Philadelphia Phillies : LHP Raymundo Capellan
Pitching: RHP Alonzo Panico
Batting: LHB Harley Valles 0-0: Ball
1-0: Ball
2-0: Ball
3-0: Called Strike
3-1: Ground out U3 (Groundball, 34S, EV 87.5 MPH)
Pinch Hitting: RHB Isaac Cabarga 0-0: Called Strike
0-1: Ball
1-1: SINGLE (Line Drive, 89S, EV 87.5 MPH)
Pinch Hitting: LHB Gerardo Campos 0-0: Ball
1-0: Fly out, F9 (Line Drive, 9, EV 90.6 MPH)
Batting: RHB Todd Stasiak 0-0: Foul Ball, location: 2F
0-1: Foul Ball, location: 2F
0-2: Strikes out swinging
Bottom of the 7th over - 0 runs, 1 hit, 0 errors, 1 left on base; Philadelphia 2 - Oakland 1
TOP OF THE 8TH
Philadelphia Phillies batting - Pitching for Oakland Athletics : RHP B.J. Vila
Now at 3B: Isaac Cabarga
Now in CF: Jacob Hitchens
Now in RF: Gerardo Campos
Batting: LHB Noah Powell 0-0: Ball
1-0: Ground out U3 (Groundball, 3S, EV 88.8 MPH)
Batting: RHB Kyle Negulescu 0-0: Foul Ball, location: 2RF
0-1: Ball
1-1: Ball
2-1: Ball
3-1: Foul Ball, location: 2F
3-2: Strikes out swinging
Batting: RHB Josiah Mandel 0-0: Swinging Strike
0-1: Ball
1-1: Ball
2-1: Foul Ball, location: 2F
2-2: Ball
3-2: Strikes out swinging
Top of the 8th over - 0 runs, 0 hits, 0 errors, 0 left on base; Philadelphia 2 - Oakland 1
BOTTOM OF THE 8TH
Oakland Athletics batting - Pitching for Philadelphia Phillies : RHP Alonzo Panico
Now in LF: Marty Booz
Now in CF: George Copa
Now in RF: Monte Baker
Batting: LHB Walker Hogue 0-0: Fly out, F2 (Popup, 2RF, EV 85.6 MPH)
Batting: RHB Oliver Combs 0-0: Ball
1-0: Called Strike
1-1: Ball
2-1: Swinging Strike
2-2: Strikes out looking
Batting: RHB George Siebert 0-0: Ball
1-0: Called Strike
1-1: Ball
2-1: Foul Ball, location: 25FF
2-2: Strikes out looking
Bottom of the 8th over - 0 runs, 0 hits, 0 errors, 0 left on base; Philadelphia 2 - Oakland 1
TOP OF THE 9TH
Philadelphia Phillies batting - Pitching for Oakland Athletics : RHP B.J. Vila
Pitching: LHP Juan Canas
Batting: RHB Marc Simms 0-0: Fly out, F9 (Line Drive, 89S, EV 91.3 MPH)
Batting: RHB Marty Booz 0-0: Swinging Strike
0-1: Ball
1-1: Fly out, F7 (Flyball, 78S, EV 91.3 MPH)
Batting: RHB Liam Lyons 0-0: Called Strike
0-1: Ball
1-1: Foul Ball, location: 9LSFF
1-2: SOLO HOME RUN (Flyball, 7LD, EV 95.0 MPH), Distance : 363 ft
Batting: LHB Monte Baker 0-0: Ball
1-0: SINGLE (Groundball, 4, EV 101.3 MPH)
Batting: RHB Ariel Fernández 0-0: Ball
Monte Baker steals 2nd base
1-0: Ball
2-0: Ball
3-0: Called Strike
3-1: SINGLE (Flyball, 5D, EV 91.9 MPH)
Monte Baker to third
Runner from 3rd tries for Home, SAFE, throw by LF to home
Pinch Hitting: RHB Justin Morgan 0-0: Ball
1-0: Called Strike
1-1: Ball
2-1: Ball
3-1: Base on Balls
Ariel Fernández to second
Batting: LHB George Copa 0-0: Fly out, F8 (Flyball, 8LS, EV 90.0 MPH)
Top of the 9th over - 2 runs, 3 hits, 0 errors, 2 left on base; Philadelphia 4 - Oakland 1
BOTTOM OF THE 9TH
Oakland Athletics batting - Pitching for Philadelphia Phillies : RHP Alonzo Panico
Now at SS: Gilbert Lee
Batting: RHB Jacob Hitchens 0-0: Called Strike
0-1: Swinging Strike
0-2: SINGLE (Flyball, 34D, EV 91.9 MPH)
Batting: RHB K.J. Northcraft 0-0: Ball
1-0: Ball
2-0: Foul Ball, location: 23F
2-1: Foul Ball, location: 25FF
2-2: Strikes out swinging
Pinch Hitting: RHB Jasper Carlyon 0-0: Foul Ball, location: 9LMF
0-1: Ball
1-1: Foul Ball, location: 2F
1-2: Foul Ball, location: 2RF
1-2: Ball
2-2: Ball
3-2: Foul Ball, location: 9LSF
3-2: Base on Balls
Jacob Hitchens to second
Pitching: RHP Rodrigo Rodríguez
Batting: RHB Isaac Cabarga 0-0: Called Strike
0-1: 3-RUN HOME RUN (Flyball, 9D, EV 107.5 MPH), Distance : 392 ft
Batting: LHB Gerardo Campos 0-0: Ball
1-0: Ball
2-0: Called Strike
2-1: Ball
3-1: Foul Ball, location: 9LDF
3-2: Fly out, F9 (Flyball, 9LD, EV 92.5 MPH)
Batting: RHB Todd Stasiak 0-0: Ball
1-0: Swinging Strike
1-1: Foul Ball, location: 3F
1-2: Strikes out swinging
Bottom of the 9th over - 3 runs, 2 hits, 0 errors, 0 left on base; Philadelphia 4 - Oakland 4
TOP OF THE 10TH
Philadelphia Phillies batting - Pitching for Oakland Athletics : LHP Juan Canas
Pitching: RHP Grump Powell
Now at 2B: Jasper Carlyon
Now at SS: Todd Stasiak
Batting: RHB Kyle Negulescu 0-0: Foul Ball, location: 9LDF
0-1: SINGLE (Flyball, 3D, EV 99.4 MPH)
Batting: RHB Josiah Mandel 0-0: Called Strike
Kyle Negulescu is caught stealing 2nd base 2-4
0-1: Ball
1-1: Ground out 6-3 (Groundball, 6, EV 93.1 MPH)
Batting: RHB Marc Simms 0-0: Foul Ball, location: 2LF
0-1: Called Strike
0-2: Ball
1-2: Foul Ball, location: 3SF
1-2: Foul Ball, location: 23F
1-2: SINGLE (Groundball, 34D, EV 94.4 MPH)
Batting: RHB Marty Booz 0-0: Ball
1-0: Called Strike
1-1: Ball
2-1: Ball
3-1: Called Strike
3-2: Foul Ball, location: 5SF
3-2: Foul Ball, location: 2LF
3-2: Base on Balls
Marc Simms to second
Batting: RHB Liam Lyons 0-0: Called Strike
0-1: Foul Ball, location: 3SF
0-2: Ball
1-2: Foul Ball, location: 2F
1-2: Ball
2-2: Strikes out swinging
Top of the 10th over - 0 runs, 2 hits, 0 errors, 2 left on base; Philadelphia 4 - Oakland 4
BOTTOM OF THE 10TH
Oakland Athletics batting - Pitching for Philadelphia Phillies : RHP Rodrigo Rodríguez
Batting: LHB Walker Hogue 0-0: Called Strike
0-1: Ball
1-1: Foul Ball, location: 2F
1-2: Fly out, F7 (Flyball, 78D, EV 100.0 MPH)
Batting: RHB Oliver Combs 0-0: SOLO HOME RUN (Flyball, 7LD, EV 93.1 MPH), Distance : 365 ft
Bottom of the 10th over - 1 run, 1 hit, 0 errors, 0 left on base; Philadelphia 4 - Oakland 5
Sunday, April 28th , 2024 - OOTP Baseball 24.11 Build 85